 Dungeon Crawl Stone Soup version 0.29-a0-409-gd843f3a48c (webtiles) character file.

Game seed: 6598450954991180536

8126 sammy202020 the Fighter (level 11, -1/154 HPs)
             Began as a Minotaur Fighter on May 13, 2022.
             Was an Elder of Trog.
             Slain by an unseen horror (8 damage)
             ... on level 9 of the Dungeon.
             The game lasted 00:19:13 (10916 turns).

sammy202020 the Fighter (Minotaur Fighter)         Turns: 10916, Time: 00:19:13

Health: -1/154     AC: 18    Str: 21    XL:     11   Next: 5%
Magic:  10/10      EV:  5    Int: 11    God:    Trog [****..]
Gold:   695        SH: 16    Dex: 10    Spells: 10/10 levels left

rFire   . . .      SeeInvis .   a - +0 war axe (protect)
rCold   . . .      Faith    .   b - +0 kite shield
rNeg    . . .      Spirit   .   I - +0 plate armour
rPois   .          Reflect  +   (helmet restricted)
rElec   .          Harm     .   E - +0 cloak
rCorr   .          Rampage  .   y - +0 pair of gloves
Will    .....                   j - +0 pair of boots
Stlth   ..........              p - amulet of reflection
HPRegen 0.35/turn               (no ring)
MPRegen 0.12/turn               (no ring)

@: berserking, very quick
A: horns 2, retaliatory headbutt, clever 1, MP-powered wands
a: Renounce Religion, Berserk, Trog's Hand, Brothers in Arms


You were on level 9 of the Dungeon.
You worshipped Trog.
Trog was greatly pleased with you.
You visited 2 branches of the dungeon, and saw 11 of its levels.
You also visited: Sewer.

You collected 695 gold pieces.

Inventory:

Hand Weapons
 a - a +0 war axe of protection (weapon)
 z - a +3 war axe
 A - a +0 hand axe of flaming
 H - a +0 war axe
Missiles
 t - 2 throwing nets (quivered)
Armour
 b - a +0 kite shield (worn)
 j - a +0 pair of boots (worn)
 y - a +0 pair of gloves (worn)
 E - a +0 cloak (worn)
 I - a +0 plate armour (worn)
Jewellery
 c - an amulet of guardian spirit
 p - an amulet of reflection (around neck)
 C - an amulet of regeneration
 G - an amulet of faith
Wands
 o - a wand of paralysis (14)
 s - a wand of iceblast (8)
 u - a wand of acid (7)
 x - a wand of digging (2)
 D - a wand of charming (7)
Scrolls
 l - 6 scrolls of teleportation
 n - 2 scrolls of fear
 q - a scroll of fog
 w - a scroll of vulnerability
 J - a scroll of enchant weapon {unknown}
Potions
 d - 3 potions of haste
 e - 2 potions of cancellation
 f - a potion of lignification
 g - 3 potions of mutation
 h - 3 potions of curing
 i - a potion of attraction
 k - 3 potions of might
 m - 2 potions of brilliance
 v - a potion of heal wounds
 B - 4 potions of flight
 F - 2 potions of degeneration {unknown}
Miscellaneous
 r - a lightning rod (4/4)


   Skills:
 * Level 11.6 Fighting
 * Level 11.2 Axes
 + Level 8.7 Armour
 * Level 11.4 Shields


You had 10 spell levels left.
You didn't know any spells.
Your spell library contained the following spells:

 Spells                   Type           Power      Damage    Failure   Level
 Sublimation of Blood     Necr           0%         N/A       100%        2
 Wereblood                Tmut           0%         N/A       100%        2
 Inner Flame              Hex/Fire       0%         N/A       100%        3
 Cause Fear               Hex            0%         N/A       100%        4
 Summon Hydra             Summ           0%         N/A       100%        7
 Discord                  Hex            0%         N/A       100%        8


Dungeon Overview and Level Annotations

Branches:
Dungeon (10/15)            Temple (1/1) D:5           Sewer (visited)
   Lair: D:8-11         Orc: D:9-12

Altars:
Ashenzari
Cheibriados
Fedhas
Gozag
Hepliaklqana
Kikubaaqudgha
Okawaru
Qazlal
Ru
Trog
Wu Jian
Xom
Zin
The Shining One

Shops:
D:1 =   D:6 [:[=

Portals:
Trove: D:10 (give +6 demon whip)


Innate Abilities, Weirdness & Mutations

You have a pair of horns on your head.
You reflexively headbutt those who attack you in melee.
Your mind is acute. (Int +2)
You expend magic power (3 MP) to strengthen your wands.


Message History

You feel the effects of Trog's Hand fading.
Something hits you.
* * * LOW HITPOINT WARNING * * *
Something hits you but does no damage. Something hits you.
* * * LOW HITPOINT WARNING * * *
Something hits you but does no damage. Something hits you.
* * * LOW HITPOINT WARNING * * *
Your skin stops crawling.
You feel less strong-willed. Something hits you but does no damage.
Something hits you but does no damage.
You open the door. Something completely misses you.
Found a stone staircase leading up.
Something hits you but does no damage.
There is an open door here.
Something hits you but does no damage.
You hit something.
Your weapon exudes an aura of protection.
Your headbutt misses something. Something hits you but does no damage.
Something hits you but does no damage. Something hits you but does no damage.
You block something's attack. Something hits you!
* * * LOW HITPOINT WARNING * * *
Something hits you but does no damage. You block something's attack.
Something hits you but does no damage. Something hits you!
* * * LOW HITPOINT WARNING * * *
Something hits you but does no damage. Something hits you.
* * * LOW HITPOINT WARNING * * *
There is a stone staircase leading up, spattered with blood here.
You block something's attack.
You climb upwards.
Reactivating autopickup.
There is a stone staircase leading down here.
Okay, then.
A red film seems to cover your vision as you go berserk!
You feel yourself moving faster!
You feel mighty! Something hits you!
You die...

##............## #.# #..
#..............# #.# #..
#......#.[..##.###.######..
#.........).##..##...).....
#....###..#.............)..
#....# #..#####............
#### ##.###
##.#..##.##.........
#..###..###
#.{..##>..........)
#......#..#
#.@..####.........)
###....#..##
#.#...###)#........
####.....###.#.#)##..##.......
###..........#.#.##.###.>.....
#.....#..##....#....####....<.
#.....#................))#..##
#.....##..##...............##.
#.....###.##.##...........###.
#.....)[[)....................


There were no monsters in sight!

Vanquished Creatures
  A two-headed ogre (D:8)
  The ghost of YayAnonymity the Cleaver, a novice HOFi of Zin (D:8)
  A cyclops (D:10)
  2 shadows (D:10)
  Sigmund (D:3)
  6 yaks (D:9)
  A steam dragon (D:8)
  2 water moccasins
  Pargi (Sewer)
  3 sky beasts
  3 orc warriors
  6 centaurs
  3 kobold brigands
  5 bullfrogs
  3 necrophages
  2 gnoll sergeants
  2 scorpions
  25 wights
  12 killer bees (D:10)
  6 howler monkeys
  A gnoll shaman (D:7)
  2 hounds
  A jelly (D:7)
  6 orc priests
  2 iguanas
  3 orc wizards (D:7)
  13 gnolls
  8 adders
  7 river rats (D:8)
  A shadow imp (D:7)
  2 worms
  38 orcs
  8 endoplasms
  6 giant cockroaches
  6 goblins
  3 hobgoblins
  7 jackals
  9 kobolds
  7 quokkas
  8 ball pythons
  4 bats
  5 frilled lizards
  21 rats
254 creatures vanquished.

Vanquished Creatures (others)
  An orc wizard (D:8)
1 creature vanquished.

Grand Total: 255 creatures vanquished

Notes
Turn   | Place    | Note
-------+----------+-------------------------------------------
     0 | D:1      | sammy202020 the Minotaur Fighter began the quest for the
                  | Orb.
     0 | D:1      | Reached XP level 1. HP: 19/19 MP: 0/0
   171 | D:1      | Found a faded altar of an unknown god.
   270 | D:1      | Found Guiruliy's One-of-a-Kind Rings.
   308 | D:1      | Reached XP level 2. HP: 26/27 MP: 1/1
   803 | D:2      | Reached XP level 3. HP: 33/33 MP: 2/2
  1445 | D:3      | Found a glowing drain.
  1459 | Sewer    | Entered a sewer
  1474 | Sewer    | Noticed Pargi
  1489 | Sewer    | Killed Pargi
  1490 | Sewer    | Reached XP level 4. HP: 16/41 MP: 3/3
  1490 | Sewer    | Reached XP level 5. HP: 19/47 MP: 4/4
  1793 | D:3      | Found an opulent altar of Gozag.
  1795 | D:3      | Found a hazy altar of Hepliaklqana.
  1817 | D:3      | Reached skill level 5 in Shields
  1896 | D:3      | Identified the +1 robe of Vurul {rC+ rN+++ Will- Dex+2}
  1999 | D:3      | Reached skill level 5 in Fighting
  2021 | D:3      | Found a shimmering altar of Xom.
  2511 | D:3      | Noticed Sigmund
  2525 | D:3      | Killed Sigmund
  2526 | D:3      | Reached XP level 6. HP: 32/56 MP: 5/5
  2827 | D:4      | Found a sacrificial altar of Ru.
  2829 | D:4      | Found a glowing golden altar of the Shining One.
  2834 | D:4      | Found an ancient bone altar of Kikubaaqudgha.
  2837 | D:4      | Found a blossoming altar of Fedhas.
  2839 | D:4      | Found an ornate altar of the Wu Jian Council.
  2844 | D:4      | Found a glowing silver altar of Zin.
  3040 | D:4      | Reached skill level 5 in Axes
  3168 | D:4      | Reached XP level 7. HP: 56/63 MP: 6/6
  3378 | D:4      | Reached skill level 5 in Armour
  3498 | D:5      | Entered Level 5 of the Dungeon
  3646 | D:5      | Found an iron altar of Okawaru.
  3855 | D:5      | Found a staircase to the Ecumenical Temple.
  3913 | Temple   | Entered the Ecumenical Temple
  3939 | Temple   | Became a worshipper of Trog the Wrathful
  4836 | D:6      | Reached XP level 8. HP: 73/73 MP: 7/7
  5189 | D:6      | Found Goapon's Armour Shoppe.
  5240 | D:6      | Found Ytulaos's Book Boutique.
  5325 | D:6      | Found Peteasoz's Armour Shop.
  5375 | D:6      | Found Sydaah's Jewellery Boutique.
  5602 | D:6      | Identified the +8 quarterstaff of Bankruptcy {freeze,
                  | rPois}
  5962 | D:7      | Reached * piety under Trog
  6262 | D:7      | Found a stormy altar of Qazlal.
  6300 | D:7      | Reached XP level 9. HP: 77/82 MP: 8/8
  6342 | D:7      | Reached ** piety under Trog
  6394 | D:7      | Gained mutation: You have sharp fingernails. [potion of
                  | mutation]
  6394 | D:7      | Gained mutation: You do not regenerate when monsters are
                  | visible. [potion of mutation]
  6395 | D:7      | Lost mutation: You have sharp fingernails. [potion of
                  | mutation]
  6395 | D:7      | Lost mutation: You do not regenerate when monsters are
                  | visible. [potion of mutation]
  6395 | D:7      | Gained mutation: You expend magic power (3 MP) to
                  | strengthen your wands. [potion of mutation]
  6395 | D:7      | Lost mutation: You expend magic power (3 MP) to strengthen
                  | your wands. [potion of mutation]
  6395 | D:7      | Gained mutation: You expend magic power (3 MP) to
                  | strengthen your wands. [potion of mutation]
  6395 | D:7      | Gained mutation: Your mind is acute. (Int +2) [potion of
                  | mutation]
  7948 | D:8      | Noticed a two-headed ogre
  7959 | D:8      | Killed a two-headed ogre
  7974 | D:8      | Reached *** piety under Trog
  8029 | D:8      | Reached skill level 10 in Fighting
  8312 | D:8      | Reached XP level 10. HP: 93/93 MP: 9/9
  8459 | D:8      | Reached skill level 10 in Shields
  8535 | D:8      | Noticed YayAnonymity's ghost (novice HOFi)
  8536 | D:8      | Found a runed translucent door.
  8570 | D:8      | Killed YayAnonymity's ghost
  8822 | D:8      | Reached skill level 10 in Axes
  9443 | D:9      | Reached **** piety under Trog
  9899 | D:10     | Entered Level 10 of the Dungeon
 10725 | D:10     | Noticed a cyclops
 10733 | D:10     | Killed a cyclops
 10734 | D:10     | Reached XP level 11. HP: 102/102 MP: 10/10
 10737 | D:10     | Found a portal to a secret trove of treasure.
 10913 | D:10     | HP: 4/103 [something (3)]
 10916 | D:9      | Slain by an unseen horror

Illustrated notes

Levels and vault maps discovered:
D:1:      saegor_arrival_miasma, layout_loops_ring,
          ebering_ecumenical_altar_petrified,
          nicolae_concentric_dashed_squares_wild, nicolae_shop_unique_rings
D:2:      layout_rooms
D:3:      layout_basic, mainiacjoe_overflow_alcove_2,
          chequers_temple_overflow_statue_of_worship, portal_sewer_entry_b,
          uniq_sigmund
D:4:      layout_basic, nicolae_overflow_hallway_of_the_gods
D:5:      layout_rooms, lemuel_crystal_altar, minmay_temple_entry_water_ring
D:6:      layout_layer_cave, serial_shops, nicolae_shop_behind_doors,
          shop_fountains, nicolae_shop_temple_entry_statues_fountains, shop
D:7:      layout_layer_cave, grunt_qazlal_clouds, chequers_serial_rivers_micro_e
D:8:      lemuel_ratsnest, layout_basic, gammafunk_ghost_grave,
          small_statue_alley_b
D:9:      layout_rooms, feat_on_display
D:10:     layout_grid_maze, nicolae_trove_entry_columns
Temple:   jpeg_temple_clearing

Skill      XL: |  1  2  3  4  5  6  7  8  9 10 |
---------------+-------------------------------+-----
Fighting       | 4 5 6 7 8 10 11 | 11.6
Shields        | 4 5 6 7 8 9 11 | 11.4
Axes           | 3 4 5 6 7 9 11 | 11.2
Armour         | 4 5 6 7 8 |  8.7

Action                   |  1- 3 |  4- 6 |  7- 9 | 10-12 || total
-------------------------+-------+-------+-------+-------++-------
Melee: War axe           |    89 |    90 |   262 |   179 ||   620
       Headbutt          |    15 |    19 |    39 |    38 ||   111
Invok: Berserk           |       |       |     3 |     5 ||     8
       Trog's Hand       |       |       |     1 |     2 ||     3
  Use: Scroll            |     5 |     4 |    10 |     1 ||    20
       Potion            |     2 |     1 |     2 |       ||     5
Armor: Scale mail        |    69 |    44 |    16 |       ||   129
       Chain mail        |       |       |   183 |    43 ||   226
       Plate armour      |       |       |       |   102 ||   102
Dodge: Dodged            |    71 |    42 |    85 |    53 ||   251
Block: Buckler           |    26 |    26 |    26 |       ||    78
       Reflection        |       |     2 |     3 |     8 ||    13
       Kite shield       |       |       |   211 |   186 ||   397

Table legend: (Time is in decaauts)
 A = Elapsed time spent in this place.
 B = Non-inter-level travel time spent in this place.
 C = Inter-level travel time spent in this place.
 D = Time resting spent in this place.
 E = Time spent auto-exploring this place.
 F = Levels seen in this place.
 G = Mean time per level.
                   A        B        C        D        E       F      G
               +--------+--------+--------+--------+--------+-----+--------+
         Total |  11161 |  11120 |     41 |    427 |   8393 |  12 |  930.1 |
       Dungeon |  10780 |  10739 |     41 |    427 |   8165 |  10 | 1078.0 |
        Temple |     40 |     40 |      0 |      0 |     15 |   1 |   40.0 |
         Sewer |    340 |    340 |      0 |      0 |    212 |   1 |  340.0 |
               +--------+--------+--------+--------+--------+-----+--------+

Top non-repeatable levels by time:
     D:8: 1714 daAuts
     D:7: 1663 daAuts
     D:6: 1415 daAuts
    D:10: 1046 daAuts
     D:3: 1041 daAuts
     D:5: 929 daAuts
     D:9: 757 daAuts
     D:2: 748 daAuts
     D:4: 740 daAuts
     D:1: 723 daAuts
   Sewer: 340 daAuts
  Temple: 40 daAuts
